 Dungeon Crawl Stone Soup version 0.18-a0-1197-g8004e50 (webtiles) character file.

394 M4edhros the Sneak (level 6, -8/38 HPs)
             Began as an Octopode Artificer on Jan 31, 2016.
             Was an Initiate of Fedhas.
             Mangled by a gnoll
             ... wielding a +0 halberd
              (15 damage)
             ... on level 2 of the Dungeon.
             The game lasted 00:06:46 (2579 turns).

M4edhros the Sneak (Octopode Artificer)             Turns: 2579, Time: 00:06:46

Health: -8/38      AC:  1    Str: 10    XL:     6   Next: 81%
Magic:  9/9        EV: 14    Int: 19    God:    Fedhas [......]
Gold:   144        SH:  0    Dex: 13    Spells: 0 memorised, 5 levels left

rFire  . . .     SeeInvis .     a - +0 short sword
rCold  . . .     Gourm    .     (no shield)
rNeg   . . .     Faith    .     (helmet restricted)
rPois  .         Spirit   .     (no amulet)
rElec  .         Dismiss  .     g - +3 ring of intelligence
rCorr  .         Reflect  .     v - ring of sustain attributes
SustAt +         Harm     .     (no ring)
MR     .....                    (no ring)
Stlth  +++++.....               (no ring)
                                (no ring)
                                (no ring)
                                (no ring)

@: not resistant to hostile enchantments, quite stealthy
A: almost no armour, amphibious, 8 rings, constrict 8, camouflage 1, gelatinous
body 1
a: Renounce Religion


You were on level 2 of the Dungeon.
You worshipped Fedhas.
Fedhas was noncommittal.
You were not hungry.

You visited 2 branches of the dungeon, and saw 5 of its levels.
You also visited: Sewer.

You collected 144 gold pieces.

Inventory:

Hand Weapons
 a - a +0 short sword (weapon)
 p - a +0 hunting sling
Missiles
 n - 29 sling bullets
 s - 26 stones (quivered)
 y - 8 exploding tomahawks
Jewellery
 g - a +3 ring of intelligence (left tentacle)
 v - a ring of sustain attributes (right tentacle)
Wands
 b - a wand of flame (7/48)
 c - a wand of enslavement (13/24)
 d - a wand of random effects (8/48)
Scrolls
 e - 4 scrolls of fear {unknown}
 h - a scroll of remove curse {unknown}
 j - 4 scrolls of recharging {unknown}
 l - 3 scrolls of identify {unknown}
 m - 2 scrolls of enchant armour {unknown}
 o - 2 scrolls of fog {unknown}
 u - a scroll of blinking {unknown}
 B - a scroll of noise {unknown}
 C - 3 scrolls of teleportation {unknown}
Potions
 i - a potion of poison {unknown}
 k - a potion of magic {unknown}
 q - a potion of might {unknown}
 t - 2 potions of flight {unknown}
 w - a potion of berserk rage {unknown}
 x - a potion of brilliance {unknown}
 z - a potion of lignification {unknown}
 A - a potion of curing {unknown}
Comestibles
 f - 3 bread rations
 r - 3 fruits


   Skills:
 - Level 1.0 Fighting
 - Level 1.0 Short Blades
 + Level 0.2 Slings
 * Level 4.4 Dodging
 * Level 6.2 Stealth
 + Level 4.7 Evocations


You had 5 spell levels left.
You didn't know any spells.

Dungeon Overview and Level Annotations

Branches:
Dungeon (4/15)             Temple (1/1) D:4

Altars:
Cheibriados
Fedhas
Makhleb
Ru
Xom
The Shining One


Innate Abilities, Weirdness & Mutations

You cannot wear most types of armour.
You are amphibious.
You can wear up to eight rings at the same time.
You can use your tentacles to constrict eight enemies at once.
Your skin changes colour to match your surroundings (Stealth).
Your rubbery body absorbs attacks (AC +1).


Message History

You see here a jackal corpse.
You offer a prayer to Fedhas.
A toadstool grows before you.
Some toadstools grow from a nearby corpse.
Fedhas appreciates your contribution to the ecosystem.
Fedhas is noncommittal. "Over there now!"
The gnoll blinks!
The gnoll barely misses you.
A nearby toadstool withers and dies.
The gnoll hits you with a halberd!
* * * LOW HITPOINT WARNING * * *
You see here an iron wand.
Evoke which item? (* to show all) (? for menu, Esc to quit)
Zapping:
c - a wand of enslavement (14/24)
Press: ? - help, Shift-Dir - straight line, f - gnoll
Aim: a gnoll, wielding a halberd (chance to defeat MR: 64%)
The gnoll struggles to resist.
This wand has 13 charges left.
The gnoll hits you with a halberd!
You die...
Fedhas appreciates your contribution to the ecosystem.

####...####)#.####.#
##...# #.g.# #.## .
##..###...####..####..
#...g....P)PP........
.......##.>###PP........#
#####.###.## ##P........#
#.##..# #.........#
#.##.## #.g........ .. ..
#@....8..#. #.###
#.......## #....8..#
####....+ .8..# ....#
.8.. ...


You could see a gnoll.

Vanquished Creatures
  Purgy (Sewer)
  The ghost of asdu the Firebug, an amateur TeFE (D:4)
  2 orc priests (D:4)
  2 orc wizards (D:4)
  Jessica (D:3)
  A worker ant (D:4)
  2 adders
  A gnoll (D:3)
  A river rat (D:3)
  A worm (D:3)
  5 orcs (D:4)
  2 giant cockroaches
  5 goblins
  A hobgoblin (D:3)
  4 jackals (D:2)
  2 kobolds (D:2)
  2 quokkas
  11 bats
  3 giant newts
  A quokka skeleton (D:4)
  8 rats
57 creatures vanquished.

Vanquished Creatures (collateral kills)
  An orc (D:4)
1 creature vanquished.

Vanquished Creatures (others)
  An orc wizard (D:4)
  5 toadstools
6 creatures vanquished.

Grand Total: 64 creatures vanquished

Notes
Turn   | Place    | Note
--------------------------------------------------------------
     0 | D:1      | M4edhros the Octopode Artificer began the quest for the Orb.
     0 | D:1      | Reached XP level 1. HP: 13/13 MP: 3/3
   305 | D:1      | Reached XP level 2. HP: 16/18 MP: 4/4
   501 | D:4      | Noticed asdu's ghost (amateur TeFE)
   612 | D:3      | Noticed Jessica
   620 | D:3      | Killed Jessica
   620 | D:3      | Reached XP level 3. HP: 11/23 MP: 5/5
  1048 | D:3      | Found a glowing drain.
  1057 | Sewer    | Entered a sewer
  1092 | Sewer    | Noticed Purgy
  1100 | Sewer    | Killed Purgy
  1100 | Sewer    | Reached skill level 4 in Stealth
  1100 | Sewer    | Reached XP level 4. HP: 28/28 MP: 5/7
  1100 | Sewer    | Reached XP level 5. HP: 33/33 MP: 5/8
  1490 | D:3      | Reached skill level 5 in Stealth
  1601 | D:4      | Reached XP level 6. HP: 25/38 MP: 9/9
  1618 | D:4      | Killed asdu's ghost
  1815 | D:4      | Reached skill level 6 in Stealth
  1890 | D:4      | Found a staircase to the Ecumenical Temple.
  1898 | Temple   | Entered the Ecumenical Temple
  1964 | Temple   | Became a worshipper of Xom the Capricious
  1964 | Temple   | XOM: divination: detect creatures
  1973 | Temple   | Fell from the grace of Xom
  1973 | Temple   | Became a worshipper of Fedhas Madash
  2576 | D:2      | XOM: blink monster(s)
  2579 | D:2      | Mangled by a gnoll

Vault maps used:
D:1:      evilmike_arrival_rings
D:2:      zin_statuary
D:3:      portal_sewer_entry_a, kennysheep_decorative_pillar, uniq_jessica
D:4:      lemuel_blue_sif_altar, minmay_temple_entry_purple_smoke, uniq_menkaure
Temple:   hc_temple_tempest_star_small
Sewer:    sewer_big_baddie

Action                   |  1- 3 |  4- 6 || total
-------------------------+-------+-------++-------
Melee: Short sword       |    43 |    71 ||   114
Evoke: Wand              |    10 |     7 ||    17
 Stab: Sleeping          |     6 |     6 ||    12
       Paralysed         |       |     2 ||     2
       Distracted        |       |     1 ||     1
  Eat: Chunk             |       |     2 ||     2
       Meat ration       |       |     1 ||     1
